[Event "ICC tourney 2180 (40 10)"]
[Site "Internet Chess Club"]
[Date "2020.12.06"]
[Round "3"]
[White "collywog"]
[Black "adma2028"]
[Result "1/2-1/2"]
[ICCResult "Game drawn because neither player has mating material"]
[WhiteElo "1079"]
[BlackElo "1420"]
[Opening "Vienna game, Max Lange defense"]
[ECO "C25"]
[NIC "VG.04"]
[Time "15:32:25"]
[PlyCount "149"]
[TimeControl "2400+10"]


1. e4 e5 2. Nc3 Nc6 3. Bc4 Bc5 4. Qg4 Qf6 5. Nd5 Qxf2+ 6. Kd1 Bb6 7. Qxg7
d6 8. Qxh8 Qxg2 9. Nf6+ Kf8 10. Nxh7+ Ke7 11. d4 Bg4+ 12. Ke1 Bxd4 13. Bg5+
Kd7 14. Nf6+ Nxf6 15. Qxf6 Rf8 16. Bb5 Kc8 17. Be2 Bxe2 18. Nxe2 Qxh1+ 19.
Qf1 Qxf1+ 20. Kxf1 Bxb2 21. Rb1 Bd4 22. Nxd4 Nxd4 23. Kf2 Nxc2 24. Rc1 Nb4
25. Be7 Nd3+ 26. Ke3 Nxc1 27. Bxf8 Nxa2 28. h4 Kd7 29. h5 Ke8 30. Bg7 f6
31. Bxf6 Kf7 32. Bd8 c6 33. Bc7 d5 34. Bxe5 dxe4 35. Kxe4 Kg8 36. h6 Kh7
37. Bg7 Nb4 38. Kf5 Nd5 39. Kg5 Nc7 40. Be5 Ne6+ 41. Kh5 Nd8 42. Bd4 Nf7
43. Bxa7 Nxh6 44. Kg5 Nf7+ 45. Kf6 Nd6 46. Ke6 Nb5 47. Bg1 Kg8 48. Kd7 Kf7
49. Kc8 Nd6+ 50. Kc7 Ke6 51. Bc5 Nb5+ 52. Kxb7 Kd5 53. Bg1 Kd6 54. Kb6 Kd5
55. Kb7 Nd6+ 56. Kb6 Nc4+ 57. Kb7 Nd2 58. Ba7 Nc4 59. Bg1 Nd2 60. Ba7 Ne4
61. Bg1 Nd6+ 62. Kb6 Ne4 63. Kc7 Nc5 64. Kb6 Na4+ 65. Kc7 Nc3 66. Kb6 Ne2
67. Bf2 Nf4 68. Kb7 Nd3 69. Bg1 Kd6 70. Be3 Ne5 71. Bg1 Kd5 72. Bf2 Kc4 73.
Bg3 Kd5 74. Bxe5 Kxe5 75. Kxc6 { Game drawn because neither player has
mating material } 1/2-1/2

[Event "ICC tourney 2180 (40 10)"]
[Site "Internet Chess Club"]
[Date "2020.12.06"]
[Round "3"]
[White "Anushkaa"]
[Black "FabulousRocket"]
[Result "1-0"]
[ICCResult "Black checkmated"]
[WhiteElo "1272"]
[BlackElo "1106"]
[Opening "Giuoco Pianissimo"]
[ECO "C50"]
[NIC "IG.02"]
[Time "15:32:17"]
[PlyCount "117"]
[TimeControl "2400+10"]


1. e4 e5 2. Nf3 Nc6 3. Bc4 Bc5 4. d3 Nf6 5. O-O d6 6. c3 Bg4 7. h3 Bh5 8.
Be3 Bb6 9. Qe2 h6 10. Bxb6 axb6 11. Qe3 Bxf3 12. Qxf3 O-O 13. Nd2 Nh5 14.
Qxh5 Qf6 15. Qg4 Ne7 16. Rae1 Ng6 17. Re3 Nf4 18. g3 Ng6 19. Rf3 Qg5 20.
Qxg5 hxg5 21. Re3 b5 22. Bb3 Ne7 23. f4 gxf4 24. gxf4 exf4 25. Rxf4 Nc6 26.
a3 Ne5 27. d4 Ng6 28. Rg4 Ne7 29. Reg3 g6 30. h4 Kg7 31. Bc2 c5 32. dxc5
dxc5 33. Nb3 b4 34. cxb4 cxb4 35. Nc5 b6 36. Nd7 Rfd8 37. Nxb6 Ra6 38. Nc4
Rc6 39. Bd3 f5 40. exf5 Kf7 41. Ne5+ Ke8 42. Nxc6 Nxc6 43. Bb5 Rd1+ 44. Kh2
Rd2+ 45. Rg2 Rd6 46. Rxg6 Kd7 47. Rxd6+ Kxd6 48. Rg6+ Kd5 49. Bxc6+ Kc5 50.
h5 bxa3 51. bxa3 Kc4 52. h6 Kc5 53. h7 Kb6 54. h8=Q Kc5 55. Qe5+ Kc4 56.
Rg4+ Kb3 57. Qe3+ Ka2 58. Rg2+ Ka1 59. Qe1# { Black checkmated } 1-0

[Event "ICC tourney 2180 (40 10)"]
[Site "Internet Chess Club"]
[Date "2020.12.06"]
[Round "3"]
[White "ivo20"]
[Black "tundrarules"]
[Result "0-1"]
[ICCResult "White resigns"]
[WhiteElo "1433"]
[BlackElo "1227"]
[Opening "Mieses opening"]
[ECO "A00"]
[NIC "VO.13"]
[Time "15:32:22"]
[PlyCount "70"]
[TimeControl "2400+10"]


1. d3 e5 2. h3 d5 3. a3 Nf6 4. b3 Nc6 5. Bb2 d4 6. g3 Be6 7. Bg2 Be7 8. Nf3
O-O 9. O-O Qd7 10. e4 Bxh3 11. Nbd2 Bxg2 12. Kxg2 Rfe8 13. Rh1 Qg4 14. Rh4
Qe6 15. Qh1 h6 16. Bc1 Rad8 17. Nc4 Ng4 18. Rh3 f5 19. Rh4 Bxh4 20. Nxh4
fxe4 21. dxe4 Rf8 22. Nf5 Rxf5 23. exf5 Qxf5 24. f3 Nf6 25. Qh3 Qxc2+ 26.
Bd2 Qxb3 27. Rc1 b5 28. Qe6+ Kh7 29. Qxc6 bxc4 30. Qxc4 Qxc4 31. Rxc4 e4
32. fxe4 Nxe4 33. Ba5 Rd7 34. Bxc7 d3 35. Rc5 Nxc5 { White resigns } 0-1

[Event "ICC tourney 2180 (40 10)"]
[Site "Internet Chess Club"]
[Date "2020.12.06"]
[Round "3"]
[White "Tomasleo"]
[Black "thanhcaptures"]
[Result "1-0"]
[ICCResult "Black checkmated"]
[WhiteElo "1416"]
[BlackElo "1197"]
[Opening "Scotch: Göring gambit"]
[ECO "C44"]
[NIC "SO.06"]
[Time "15:32:23"]
[PlyCount "55"]
[TimeControl "2400+10"]


1. e4 e5 2. Nf3 Nc6 3. d4 exd4 4. c3 dxc3 5. Bc4 cxb2 6. Bxb2 Nf6 7. e5 Ng8
8. Nc3 Bb4 9. Qb3 Qe7 10. O-O Nh6 11. Nd5 Na5 12. Qd3 Qc5 13. Rac1 O-O 14.
a3 c6 15. axb4 cxd5 16. bxc5 dxc4 17. Qc3 b6 18. e6 f6 19. cxb6 axb6 20.
Ba3 Re8 21. Qb4 dxe6 22. Qxb6 Nb3 23. Rxc4 Rxa3 24. Qb4 Ba6 25. Qxa3 Bxc4
26. Qa4 Rc8 27. Re1 Rc7 28. Qe8# { Black checkmated } 1-0

[Event "ICC tourney 2180 (40 10)"]
[Site "Internet Chess Club"]
[Date "2020.12.06"]
[Round "3"]
[White "anantybear1"]
[Black "GalaxyToast"]
[Result "0-1"]
[ICCResult "White resigns"]
[WhiteElo "1045"]
[BlackElo "1387"]
[Opening "QGD: 4.Nf3"]
[ECO "D37"]
[NIC "QP.08"]
[Time "15:32:15"]
[PlyCount "72"]
[TimeControl "2400+10"]


1. d4 d5 2. c4 e6 3. Nf3 Nf6 4. Nc3 Be7 5. Bg5 h6 6. Bh4 O-O 7. Bxf6 Bxf6
8. e4 dxe4 9. Nxe4 Nc6 10. Nxf6+ Qxf6 11. Rc1 Rd8 12. d5 Qxb2 13. Qc2 Qxc2
14. Rxc2 exd5 15. cxd5 Rxd5 16. Bc4 Nd4 17. Bxd5 Nxc2+ 18. Kd2 Nb4 19. Re1
Nxd5 20. Re8+ Kh7 21. Ne5 f6 22. Nf7 Nb6 23. h4 Bd7 24. Re7 Bc6 25. g4 Nd5
26. Re1 Be8 27. Nxh6 Kxh6 28. g5+ fxg5 29. hxg5+ Kxg5 30. Re5+ Kf6 31. Rxd5
Bc6 32. Rd3 Rh8 33. Ra3 Rh2 34. Ke2 Bb5+ 35. Kf3 Rh3+ 36. Kg2 Rxa3 { White
resigns } 0-1

[Event "ICC tourney 2180 (40 10)"]
[Site "Internet Chess Club"]
[Date "2020.12.06"]
[Round "3"]
[White "Dhruti813kob36"]
[Black "shawnchicken"]
[Result "1-0"]
[ICCResult "Black resigns"]
[WhiteElo "1457"]
[BlackElo "1230"]
[Opening "Ruy Lopez: Berlin defense, Beverwijk variation"]
[ECO "C65"]
[NIC "RL.07"]
[Time "15:32:18"]
[PlyCount "66"]
[TimeControl "2400+10"]


1. e4 e5 2. Nf3 Nc6 3. Bb5 Nf6 4. O-O Bc5 5. d3 d6 6. h3 h6 7. Re1 O-O 8.
c3 Re8 9. Nbd2 a6 10. Ba4 b5 11. Bc2 b4 12. Nf1 bxc3 13. bxc3 Bb7 14. Ba4
Re7 15. Ng3 Re8 16. Rb1 Rb8 17. Rxb7 Rxb7 18. Bxc6 Rb1 19. Bxe8 Qxe8 20.
Qe2 Qb8 21. Nd2 Rb6 22. Nb3 Rc6 23. Nxc5 Rxc5 24. Bd2 Qb2 25. Be3 Qxe2 26.
Nxe2 Rc6 27. Rb1 d5 28. Rb8+ Kh7 29. exd5 Nxd5 30. c4 Nxe3 31. fxe3 Rc5 32.
Rb7 f6 33. Nc3 Ra5 { Black resigns } 1-0

[Event "ICC tourney 2180 (40 10)"]
[Site "Internet Chess Club"]
[Date "2020.12.06"]
[Round "3"]
[White "nguyencaptures"]
[Black "loonyafternoon"]
[Result "1/2-1/2"]
[ICCResult "Game drawn because neither player has mating material"]
[WhiteElo "1124"]
[BlackElo "1156"]
[Opening "French: exchange variation"]
[ECO "C01"]
[NIC "FR.01"]
[Time "15:32:16"]
[PlyCount "157"]
[TimeControl "2400+10"]


1. e4 e6 2. d4 d5 3. exd5 exd5 4. Nf3 Nf6 5. Bd3 Nc6 6. O-O Be7 7. Re1 O-O
8. Bf4 Bg4 9. Nc3 Nxd4 10. Be2 Nxe2+ 11. Qxe2 Bb4 12. Rad1 c6 13. a3 Re8
14. Qd3 Ba5 15. b4 Bb6 16. Rxe8+ Qxe8 17. Re1 Qd7 18. h3 Bxf3 19. Qxf3 Re8
20. Bd2 Rxe1+ 21. Bxe1 Qe6 22. Kf1 h6 23. Qe2 Qxe2+ 24. Kxe2 Kf8 25. Kd3
Ke7 26. b5 Kd6 27. bxc6 bxc6 28. Na4 Nh5 29. Bd2 Bxf2 30. c4 dxc4+ 31. Kxc4
Nf6 32. Bf4+ Kd7 33. Nc5+ Bxc5 34. Kxc5 Ne4+ 35. Kd4 Nd6 36. Kc5 Nb7+ 37.
Kc4 g5 38. Bb8 Nd6+ 39. Kc5 Ne4+ 40. Kc4 Nd2+ 41. Kb4 Ne4 42. Bxa7 f5 43.
a4 Kc7 44. a5 Kb7 45. Bb6 Nd6 46. Bd4 h5 47. Bf2 Ne4 48. Be1 Ka6 49. Kc4 g4
50. hxg4 hxg4 51. Kd4 c5+ 52. Ke5 c4 53. Kxf5 Nc5 54. Kxg4 Nb3 55. Kf4 Nxa5
56. Ke3 Nc6 57. Kd2 Kb5 58. Kc3 Ne5 59. Bg3 Ng4 60. Bf4 Nf2 61. Kd4 Kb4 62.
Bd2+ Kb3 63. g3 Ng4 64. Bc3 Nh6 65. Ba1 Nf5+ 66. Kd5 Nxg3 67. Bh8 Nf5 68.
Ba1 Ne7+ 69. Kd4 Nf5+ 70. Kc5 Ne3 71. Bh8 Kc2 72. Kd4 Kd2 73. Ke4 Ke2 74.
Bg7 Kd2 75. Bh6 c3 76. Bxe3+ Kd1 77. Kd3 c2 78. Kc3 c1=Q+ 79. Bxc1 { Game
drawn because neither player has mating material } 1/2-1/2

[Event "ICC tourney 2180 (40 10)"]
[Site "Internet Chess Club"]
[Date "2020.12.06"]
[Round "3"]
[White "jsustarsic"]
[Black "kween26"]
[Result "1-0"]
[ICCResult "Black checkmated"]
[WhiteElo "1151"]
[BlackElo "1383"]
[Opening "Nimzo-Indian: Kmoch variation"]
[ECO "E20"]
[NIC "NI.30"]
[Time "15:32:29"]
[PlyCount "111"]
[TimeControl "2400+10"]


1. d4 Nf6 2. c4 e6 3. Nc3 Bb4 4. f3 O-O 5. e4 d5 6. e5 Nh5 7. Qc2 Qh4+ 8.
Qf2 Bxc3+ 9. bxc3 Qxf2+ 10. Kxf2 g6 11. g4 Ng7 12. h4 f5 13. g5 b6 14. Ba3
Rd8 15. c5 Bb7 16. Be2 Nd7 17. cxb6 Nxb6 18. f4 a5 19. h5 Nc4 20. Be7 Rd7
21. Bf6 Kf7 22. hxg6+ hxg6 23. Rh7 Rg8 24. Nf3 Ke8 25. Rah1 Nh5 26. Rxd7
Kxd7 27. Rh4 Rf8 28. Bxc4 dxc4 29. Ng1 Be4 30. Ne2 Bc2 31. Ng3 Bd1 32. Nxh5
Bxh5 33. Ke3 Rb8 34. Rh2 Rb1 35. Rd2 Rf1 36. d5 Rf3+ 37. Kd4 exd5 38. Kc5
Rd3 39. Rc2 Rd1 40. Kb5 a4 41. Kxa4 Rb1 42. Ka3 Rd1 43. Kb2 c5 44. a4 Rd3
45. a5 Bd1 46. Rc1 Rd2+ 47. Ka3 Kc6 48. e6 Re2 49. e7 Kb5 50. Be5 Kxa5 51.
e8=Q Bb3 52. Qa8+ Kb6 53. Qb8+ Kc6 54. Qc7+ Kb5 55. Qb7+ Ka5 56. Bc7# {
Black checkmated } 1-0

[Event "ICC tourney 2180 (40 10)"]
[Site "Internet Chess Club"]
[Date "2020.12.06"]
[Round "3"]
[White "cdj12417489"]
[Black "wojowhiskey"]
[Result "0-1"]
[ICCResult "White forfeits on time"]
[WhiteElo "1268"]
[BlackElo "1335"]
[Opening "Sicilian: Cortlever (Alatortsev) variation"]
[ECO "B53"]
[NIC "SI.01"]
[Time "15:35:03"]
[PlyCount "76"]
[TimeControl "2400+10"]


1. e4 c5 2. Nf3 d6 3. d4 Nf6 4. Nc3 Qa5 5. Bd2 cxd4 6. Nxd4 g6 7. Be2 Bg7
8. O-O a6 9. a4 Qe5 10. Nf3 Qe6 11. Bd3 Nc6 12. Re1 O-O 13. Qc1 Rd8 14. Bh6
Bh8 15. Rb1 Ne5 16. Nxe5 Qxe5 17. Bf4 Qh5 18. Bg3 Ng4 19. Nd5 Be5 20. f4
Bd4+ 21. Kf1 Nxh2+ 22. Bxh2 Qxh2 23. Ne3 Qxf4+ 24. Ke2 Qg3 25. Kd1 Bg4+ 26.
Nxg4 Qxg4+ 27. Re2 Rac8 28. c3 Rc5 29. Qd2 Bg7 30. Kc2 Rdc8 31. Rbe1 Qe6
32. Ra1 b5 33. axb5 axb5 34. g3 b4 35. Kd1 bxc3 36. Qe1 Qb3+ 37. Rc2 cxb2
38. Rb1 Rxc2 { White forfeits on time } 0-1

[Event "ICC tourney 2180 (40 10)"]
[Site "Internet Chess Club"]
[Date "2020.12.06"]
[Round "3"]
[White "EricCheng-131"]
[Black "lerui"]
[Result "1-0"]
[ICCResult "Black checkmated"]
[WhiteElo "1228"]
[BlackElo "1161"]
[Opening "Giuoco Piano"]
[ECO "C54"]
[NIC "IG.02"]
[Time "15:32:24"]
[PlyCount "139"]
[TimeControl "2400+10"]


1. e4 e5 2. Nf3 Nc6 3. Bc4 Bc5 4. c3 Nf6 5. d4 exd4 6. cxd4 Bb4+ 7. Bd2
Bxd2+ 8. Nbxd2 d6 9. O-O O-O 10. Qc2 Re8 11. Rfe1 Bg4 12. h3 Bh5 13. Bb5
Bxf3 14. Nxf3 a6 15. Bxc6 bxc6 16. Qxc6 Qd7 17. Rac1 Qxc6 18. Rxc6 Rec8 19.
Rec1 Nxe4 20. Rxc7 Rxc7 21. Rxc7 Kf8 22. Kf1 Nf6 23. Ng5 h6 24. Nxf7 Nd5
25. Rb7 Rc8 26. Nxd6 Rc1+ 27. Ke2 Rc2+ 28. Kf3 Rc6 29. Nf5 Rf6 30. Ke4 Nb6
31. Ke5 Nc4+ 32. Ke4 g6 33. Rb8+ Kf7 34. Nxh6+ Kg7 35. Ng4 Rd6 36. Ne3 Nxe3
37. fxe3 Kf6 38. d5 g5 39. Kd4 Rd7 40. Rb6+ Kf7 41. Kc5 Ke7 42. Re6+ Kf7
43. Kc6 Ra7 44. Rd6 Ke7 45. Kc5 a5 46. Rc6 Kd7 47. d6 a4 48. Rc7+ Rxc7+ 49.
dxc7 Kxc7 50. Kb4 Kb6 51. Kxa4 Ka6 52. e4 Kb6 53. b4 Ka6 54. b5+ Kb6 55. e5
Kc7 56. e6 Kd6 57. b6 Kxe6 58. b7 Kd7 59. b8=Q Ke6 60. Qb5 Kf6 61. Qd5 Kg6
62. Qe5 Kh6 63. Qf5 Kh5 64. g3 Kh6 65. Kb5 Kh5 66. Kc5 Kh6 67. Kd5 Kh5 68.
Ke5 Kh6 69. Kf6 Kh5 70. Qxg5# { Black checkmated } 1-0

[Event "ICC tourney 2180 (40 10)"]
[Site "Internet Chess Club"]
[Date "2020.12.06"]
[Round "3"]
[White "ztraynor"]
[Black "chessfidebullet"]
[Result "0-1"]
[ICCResult "White checkmated"]
[WhiteElo "1178"]
[BlackElo "1289"]
[Opening "Queen's pawn game, Chigorin variation"]
[ECO "D02"]
[NIC "QP.09"]
[Time "15:32:15"]
[PlyCount "74"]
[TimeControl "2400+10"]


1. Nf3 d5 2. d4 Nc6 3. Bf4 Bf5 4. e3 Nf6 5. Bb5 e6 6. O-O Bd6 7. Ne5 Bxe5
8. Bxe5 Ng4 9. Bxg7 Qd6 10. g3 Rg8 11. Bxc6+ bxc6 12. Be5 Nxe5 13. dxe5
Qxe5 14. c3 Bh3 15. Re1 Qg7 16. Qa4 Qf6 17. Qf4 Bf5 18. Nd2 e5 19. Qf3 h5
20. e4 dxe4 21. Nxe4 Qg6 22. h4 Rd8 23. Qxh5 Bxe4 24. Qxg6 Bxg6 25. Rxe5+
Kf8 26. Rc5 Rd6 27. Ra5 Be4 28. Re1 Bf3 29. Rxa7 Kg7 30. Kh2 Rgd8 31. Kh3
Rd2 32. Re3 Rxf2 33. g4 f5 34. Rxc7+ Kf6 35. gxf5 Rg8 36. a4 Rf1 37. Rxf3
Rh1# { White checkmated } 0-1

[Event "ICC tourney 2180 (40 10)"]
[Site "Internet Chess Club"]
[Date "2020.12.06"]
[Round "4"]
[White "brawnykazoo"]
[Black "JayAB"]
[Result "1-0"]
[ICCResult "Black checkmated"]
[WhiteElo "1132"]
[BlackElo "666"]
[Opening "Four knights: Scotch, Krause variation"]
[ECO "C47"]
[NIC "SO.01"]
[Time "17:47:00"]
[PlyCount "75"]
[TimeControl "2400+10"]


1. e4 e5 2. Nf3 Nf6 3. Nc3 Nc6 4. d4 Bb4 5. Nxe5 Bxc3+ 6. bxc3 Nxe5 7. dxe5
Nxe4 8. Qg4 Nc5 9. Qxg7 d6 10. Qxh8+ Ke7 11. Qxd8+ Kxd8 12. exd6 cxd6 13.
Bc4 f5 14. Bg5+ Kc7 15. O-O-O Be6 16. Bxe6 Nxe6 17. Be3 b6 18. Rhe1 f4 19.
Bd4 Nxd4 20. cxd4 Kc6 21. c4 d5 22. cxd5+ Kxd5 23. Kc2 Rc8+ 24. Kb3 a5 25.
Re5+ Kc6 26. Rc1+ Kb7 27. Re7+ Kb8 28. Rce1 h5 29. d5 h4 30. d6 b5 31. d7
a4+ 32. Kb4 Rc4+ 33. Kxb5 Rc7 34. d8=Q+ Rc8 35. Rb7+ Kxb7 36. Re7+ Kb8 37.
Qb6+ Ka8 38. Qb7# { Black checkmated } 1-0

[Event "ICC tourney 2180 (40 10)"]
[Site "Internet Chess Club"]
[Date "2020.12.06"]
[Round "4"]
[White "Andre2011"]
[Black "Alex2009"]
[Result "0-1"]
[ICCResult "White resigns"]
[WhiteElo "788"]
[BlackElo "856"]
[Opening "Four knights: double Ruy Lopez"]
[ECO "C49"]
[NIC "KP.03"]
[Time "17:46:32"]
[PlyCount "22"]
[TimeControl "2400+10"]


1. e4 e5 2. Nf3 Nc6 3. Nc3 Nf6 4. Bb5 Bb4 5. Bxc6 dxc6 6. Nxe5 Bxc3 7. dxc3
Qe7 8. Nf3 Qxe4+ 9. Be3 Qd5 10. Nd4 Qxg2 11. Ke2 Bg4+ { White resigns } 0-1

[Event "ICC tourney 2180 (40 10)"]
[Site "Internet Chess Club"]
[Date "2020.12.06"]
[Round "4"]
[White "FabulousRocket"]
[Black "ivo20"]
[Result "0-1"]
[ICCResult "White checkmated"]
[WhiteElo "1106"]
[BlackElo "1433"]
[Opening "Old Indian defense"]
[ECO "A42"]
[NIC "OI.07"]
[Time "17:46:16"]
[PlyCount "48"]
[TimeControl "2400+10"]


1. d4 d6 2. c4 a6 3. e4 h6 4. Nc3 e6 5. Nf3 Bd7 6. Be3 Nc6 7. Bd3 Nge7 8.
O-O Ng6 9. h3 Nh4 10. Nxh4 Qxh4 11. Qf3 Be7 12. d5 Ne5 13. Qe2 exd5 14.
cxd5 Bxh3 15. gxh3 Qxh3 16. Bf4 Nf3+ 17. Qxf3 Qxf3 18. Bc2 Qxf4 19. Rac1
Bg5 20. Rcd1 Qg4+ 21. Kh1 Bf4 22. Rd3 Qh4+ 23. Rh3 Qxh3+ 24. Kg1 Qh2# {
White checkmated } 0-1

[Event "ICC tourney 2180 (40 10)"]
[Site "Internet Chess Club"]
[Date "2020.12.06"]
[Round "4"]
[White "kween26"]
[Black "auggie29"]
[Result "0-1"]
[ICCResult "White resigns"]
[WhiteElo "1383"]
[BlackElo "1095"]
[Opening "Sicilian: Alapin's variation (2.c3)"]
[ECO "B22"]
[NIC "SI.46"]
[Time "17:46:20"]
[PlyCount "74"]
[TimeControl "2400+10"]


1. e4 c5 2. c3 d6 3. d4 cxd4 4. cxd4 g6 5. Nf3 Bg7 6. Be2 Nf6 7. Nc3 O-O 8.
O-O Nc6 9. h3 e6 10. Bg5 e5 11. dxe5 dxe5 12. Rc1 Be6 13. Nd5 Bxd5 14. exd5
Qxd5 15. Bxf6 Qxd1 16. Rfxd1 Bxf6 17. b3 Rfd8 18. Bb5 Nd4 19. Nd2 Nxb5 20.
Ne4 Bg7 21. a4 Nd4 22. Nc5 Ne2+ 23. Kf1 Nxc1 24. Rxc1 Rac8 25. b4 b6 26.
Nd3 Rxc1+ 27. Nxc1 Rd1+ 28. Ke2 Rxc1 29. b5 Ra1 30. Ke3 Rxa4 31. f3 Rb4 32.
g4 Rxb5 33. h4 a5 34. h5 a4 35. hxg6 hxg6 36. f4 exf4+ 37. Kxf4 a3 { White
resigns } 0-1

[Event "ICC tourney 2180 (40 10)"]
[Site "Internet Chess Club"]
[Date "2020.12.06"]
[Round "4"]
[White "nguyencaptures"]
[Black "NikiSDKChess"]
[Result "1-0"]
[ICCResult "Black checkmated"]
[WhiteElo "1124"]
[BlackElo "627"]
[Opening "King's pawn game"]
[ECO "C50"]
[NIC "IG.03"]
[Time "17:46:55"]
[PlyCount "35"]
[TimeControl "2400+10"]


1. e4 e5 2. Nf3 Nc6 3. Bc4 h6 4. d4 exd4 5. Nxd4 Nxd4 6. Qxd4 Ne7 7. Be3
Nc6 8. Qd1 Bd6 9. Nc3 O-O 10. O-O Ne5 11. Be2 c6 12. Qxd6 Ng6 13. Bc4 Qe7
14. Qxg6 d5 15. Bxd5 cxd5 16. Nxd5 Qd7 17. Nf6+ Kh8 18. Qh7# { Black
checkmated } 1-0

[Event "ICC tourney 2180 (40 10)"]
[Site "Internet Chess Club"]
[Date "2020.12.06"]
[Round "4"]
[White "andrewj508"]
[Black "SGOLD9367"]
[Result "0-1"]
[ICCResult "White resigns"]
[WhiteElo "1270"]
[BlackElo "1338"]
[Opening "Giuoco Piano"]
[ECO "C53"]
[NIC "IG.02"]
[Time "17:46:19"]
[PlyCount "94"]
[TimeControl "2400+10"]


1. e4 e5 2. Nf3 Nc6 3. Bc4 Bc5 4. c3 h6 5. d4 exd4 6. cxd4 Bb4+ 7. Nc3 d6
8. O-O Bg4 9. h3 Bh5 10. a3 Ba5 11. b4 Bb6 12. Bb5 a6 13. Bxc6+ bxc6 14.
Be3 Qf6 15. e5 Bxf3 16. exf6 Bxd1 17. fxg7 Rh7 18. Raxd1 Rxg7 19. Rc1 Kd7
20. Rfd1 d5 21. Na4 h5 22. Rc2 Ne7 23. Nb2 Nf5 24. Nd3 f6 25. Nf4 Rag8 26.
Kf1 h4 27. Re2 a5 28. Nh5 Rg6 29. Ke1 axb4 30. axb4 Kc8 31. Nf4 R6g7 32.
Red2 Nd6 33. Rc2 Nc4 34. Ke2 Re8 35. Rg1 Bxd4 36. Ra2 Kb7 37. b5 Nxe3 38.
bxc6+ Kxc6 39. fxe3 Rxe3+ 40. Kd2 Rd3+ 41. Kxd3 Bxg1 42. Ra6+ Kb7 43. Rxf6
Rg3+ 44. Ke2 d4 45. Kf1 Be3 46. Nd3 Rg5 47. Rh6 Rf5+ { White resigns } 0-1

[Event "ICC tourney 2180 (40 10)"]
[Site "Internet Chess Club"]
[Date "2020.12.06"]
[Round "4"]
[White "niftyfountain"]
[Black "chessfidebullet"]
[Result "1-0"]
[ICCResult "Black resigns"]
[WhiteElo "1368"]
[BlackElo "1289"]
[Opening "Philidor's defense"]
[ECO "C41"]
[NIC "KP.08"]
[Time "17:46:49"]
[PlyCount "57"]
[TimeControl "2400+10"]


1. e4 e5 2. Nf3 d6 3. d4 Bg4 4. dxe5 Qe7 5. Nc3 dxe5 6. Be2 Nd7 7. Be3 Ngf6
8. h3 Be6 9. Qd2 a6 10. Ng5 O-O-O 11. Nxe6 Qxe6 12. O-O-O Bb4 13. f3 Bxc3
14. Qxc3 Qxa2 15. b3 Qa3+ 16. Kb1 Rhe8 17. Bc4 b5 18. Bxf7 Re7 19. Bd5 Nxd5
20. Rxd5 Nf6 21. Rxd8+ Kxd8 22. Bc5 b4 23. Bxb4 Qxb4 24. Qxb4 Nd7 25. Rd1
Ke8 26. Qb7 Nc5 27. Qc8+ Kf7 28. Qf5+ Kg8 29. Rd8+ { Black resigns } 1-0

[Event "ICC tourney 2180 (40 10)"]
[Site "Internet Chess Club"]
[Date "2020.12.06"]
[Round "4"]
[White "wojowhiskey"]
[Black "collywog"]
[Result "1-0"]
[ICCResult "Black checkmated"]
[WhiteElo "1335"]
[BlackElo "1079"]
[Opening "English opening"]
[ECO "A13"]
[NIC "EO.64"]
[Time "17:46:22"]
[PlyCount "77"]
[TimeControl "2400+10"]


1. c4 e6 2. Nc3 c6 3. Nf3 d5 4. e3 Nf6 5. b3 Bb4 6. Bb2 O-O 7. a3 Bc5 8. b4
Bd6 9. c5 Be5 10. Nxe5 Qc7 11. Ne2 Ne4 12. d3 Nf6 13. Nf4 g5 14. Nh5 Qe7
15. Qf3 Nxh5 16. Qxh5 b6 17. Bd4 Na6 18. Nxc6 f6 19. Nxe7+ Kg7 20. Qxg5+
Kf7 21. Qxf6+ Ke8 22. Qg7 Rf7 23. Qg8+ Kxe7 24. cxb6 axb6 25. Bxb6 Rf8 26.
Qxh7+ Rf7 27. Qh4+ Rf6 28. Bd4 Nxb4 29. Qxf6+ Kd7 30. Qf7+ Kd6 31. Qf8+ Kd7
32. Qxb4 Ke8 33. Bf6 Kd7 34. Qe7+ Kc6 35. Rc1+ Kb6 36. Bd4+ Ka6 37. Qc7 Kb5
38. Qb6+ Ka4 39. Qb4# { Black checkmated } 1-0

[Event "ICC tourney 2180 (40 10)"]
[Site "Internet Chess Club"]
[Date "2020.12.06"]
[Round "4"]
[White "jsustarsic"]
[Black "Dhruti813kob36"]
[Result "0-1"]
[ICCResult "White resigns"]
[WhiteElo "1151"]
[BlackElo "1457"]
[Opening "QGD: Orthodox defense, Botvinnik variation"]
[ECO "D60"]
[NIC "QO.12"]
[Time "17:46:20"]
[PlyCount "44"]
[TimeControl "2400+10"]


1. d4 d5 2. c4 e6 3. Nc3 Nf6 4. Bg5 Be7 5. e3 Nbd7 6. Nf3 O-O 7. Bd3 h6 8.
Bh4 b6 9. e4 dxe4 10. Nxe4 Nxe4 11. Bxe7 Qxe7 12. Bxe4 Rb8 13. Ne5 Nxe5 14.
dxe5 Qb4+ 15. Qd2 Qxc4 16. Qc2 Qb4+ 17. Kf1 Ba6+ 18. Kg1 Rbd8 19. h3 Rd2
20. Qc3 Qxb2 21. Qxb2 Rxb2 22. f4 Rd8 { White resigns } 0-1

[Event "ICC tourney 2180 (40 10)"]
[Site "Internet Chess Club"]
[Date "2020.12.06"]
[Round "4"]
[White "EricCheng-131"]
[Black "solveur"]
[Result "1-0"]
[ICCResult "Black resigns"]
[WhiteElo "1228"]
[BlackElo "1319"]
[Opening "Giuoco Piano"]
[ECO "C54"]
[NIC "IG.02"]
[Time "17:46:52"]
[PlyCount "65"]
[TimeControl "2400+10"]


1. e4 e5 2. Nf3 Nc6 3. Bc4 Bc5 4. c3 Nf6 5. d4 exd4 6. cxd4 Bb4+ 7. Bd2
Bxd2+ 8. Nbxd2 d5 9. exd5 Nxd5 10. O-O O-O 11. h3 Be6 12. Re1 Qf6 13. Ne4
Qg6 14. Neg5 Rad8 15. Bd3 Bf5 16. Nh4 Qxg5 17. Nxf5 Nf4 18. Be4 Nxg2 19.
Bxg2 Qxf5 20. Bxc6 bxc6 21. Rc1 Qxh3 22. Rxc6 Rd5 23. Rc5 Rd6 24. Rg5 Rh6
25. f3 Qh1+ 26. Kf2 Rh2+ 27. Ke3 Qxe1+ 28. Qxe1 f6 29. Rxg7+ Kh8 30. Qg3
Re8+ 31. Kf4 Rd2 32. Rd7 Rg8 33. Qh4 { Black resigns } 1-0

[Event "ICC tourney 2180 (40 10)"]
[Site "Internet Chess Club"]
[Date "2020.12.06"]
[Round "4"]
[White "loonyafternoon"]
[Black "cdj12417489"]
[Result "0-1"]
[ICCResult "White resigns"]
[WhiteElo "1156"]
[BlackElo "1268"]
[Opening "Sicilian: Najdorf, Byrne (English) attack"]
[ECO "B90"]
[NIC "SI.14"]
[Time "17:46:20"]
[PlyCount "90"]
[TimeControl "2400+10"]


1. e4 c5 2. Nf3 d6 3. d4 cxd4 4. Nxd4 Nf6 5. Nc3 a6 6. Be3 Nc6 7. Bc4 Na5
8. Bb3 Nxb3 9. axb3 Qc7 10. Ndb5 Qc6 11. Nd4 Qc7 12. O-O e5 13. Nde2 Be7
14. h3 b5 15. Nxb5 Qc6 16. Nbc3 Nxe4 17. Nxe4 Qxe4 18. Nc3 Qc6 19. f4 Bb7
20. Qe2 Bf6 21. fxe5 dxe5 22. Rad1 O-O 23. Qg4 Bc8 24. Qg3 e4 25. Rf2 Bxc3
26. bxc3 Qg6 27. Qxg6 hxg6 28. Rf4 f5 29. Rd6 g5 30. Rf1 f4 31. Bd4 Bf5 32.
c4 Rfd8 33. c5 Kf7 34. Rd1 e3 35. Kf1 Bxc2 36. Rc1 Bxb3 37. Ke2 Ke7 38.
Rxd8 Rxd8 39. Bxg7 Rc8 40. Bh6 Kf6 41. h4 gxh4 42. Bxf4 Bd5 43. g3 h3 44.
Bxe3 h2 45. Bd4+ Ke6 { White resigns } 0-1